 Dungeon Crawl Stone Soup version 0.18.1-48-g4cf74bf (webtiles) character file.

107 Wander the Ducker (level 4, -3/33 HPs)
             Began as a Demonspawn Gladiator on Sept 9, 2016.
             Slain by bananaglory's ghost (4 damage)
             ... on level 3 of the Dungeon.
             The game lasted 00:04:27 (1956 turns).

Wander the Ducker (Demonspawn Gladiator)            Turns: 1956, Time: 00:04:28

Health: -3/33      AC: 10    Str: 17    XL:     4   Next: 56%
Magic:  0/4        EV:  9    Int:  9    God:
Gold:   115        SH:  0    Dex: 13    Spells: 0 memorised, 3 levels left

rFire  . . .     SeeInvis .     a - +0 flail
rCold  . . .     Gourm    .     k - +0 chain mail
rNeg   . . .     Faith    .     (no shield)
rPois  .         Spirit   +     c - +0 helmet
rElec  .         Dismiss  .     (no cloak)
rCorr  .         Reflect  .     r - +0 pair of gloves
SustAt .         Harm     .     (no boots)
MR     .....                    (no amulet)
Stlth  ..........               (no ring)
                                y - ring of loudness (curse)

@: lethally poisoned (-3 -> -4), not resistant to hostile enchantments,
extremely unstealthy
A: magic shield, sturdy frame 1
a: no special abilities


You were on level 3 of the Dungeon.
You were not hungry.

You visited 1 branch of the dungeon, and saw 3 of its levels.

You collected 115 gold pieces.

Inventory:

Hand Weapons
 a - a +0 flail (weapon)
Missiles
 d - 3 throwing nets (quivered)
Armour
 c - a +0 helmet (worn)
 k - a +0 chain mail (worn)
 r - a +0 pair of gloves (worn)
Jewellery
 y - a cursed ring of loudness (left hand)
Scrolls
 j - 2 scrolls of noise {unknown}
 n - a scroll of recharging {unknown}
 o - 2 scrolls of teleportation {unknown}
 p - a scroll of magic mapping {unknown}
 u - a scroll of enchant weapon {unknown}
 v - a scroll of remove curse {unknown}
 w - a scroll of enchant armour {unknown}
Potions
 b - a potion of heal wounds {unknown}
 e - 2 potions of berserk rage {unknown}
 g - 2 potions of haste {unknown}
 h - 2 potions of flight {unknown}
 i - a potion of cure mutation {unknown}
 m - a potion of ambrosia {unknown}
 s - a potion of agility {unknown}
 t - a potion of magic {unknown}
Comestibles
 f - 4 bread rations
 l - 3 meat rations
 q - 5 fruits
 x - a chunk of flesh


   Skills:
 + Level 2.2 Fighting
 + Level 3.5 Maces & Flails
 + Level 1.8 Throwing
 + Level 1.5 Armour
 + Level 3.6 Dodging


You had 3 spell levels left.
You didn't know any spells.

Dungeon Overview and Level Annotations

Branches:
Dungeon (3/15)

Altars:
Cheibriados
Kikubaaqudgha

Annotations:
D:3 bananaglory's ghost, amateur MfGl


Innate Abilities, Weirdness & Mutations

When hurt, damage is shared between your health and your magic reserves.
Your movements are slightly less encumbered by armour (ER -2).


Message History

You barely miss bananaglory's ghost.
Bananaglory's ghost whispers, "There is no future for you."
Bananaglory's ghost hits you!
You hit bananaglory's ghost.
Bananaglory's ghost is lightly damaged.
You feel sick. Bananaglory's ghost barely misses you.
You closely miss bananaglory's ghost.
Bananaglory's ghost is lightly damaged.
Bananaglory's ghost hits you.
* * * LOW HITPOINT WARNING * * *
You are too injured to fight recklessly!
You hit bananaglory's ghost but do no damage.
Bananaglory's ghost is lightly damaged.
Bananaglory's ghost hits you but does no damage.
You hit bananaglory's ghost.
Bananaglory's ghost is lightly damaged.
You feel sick. Bananaglory's ghost hits you.
* * * LOW HITPOINT WARNING * * *
Bananaglory's ghost hits you.
You die...

#.#..# #..# #.....##
#.## #..PP..######.#
#...♣..#......#
####...........###
...<.#...##....# #
#....#.##....#
....#...!........#
......>@W........'...
........#####....#...
........# #.......>
........# ######...
.$..##### ... .... ..
... ..


You could see bananaglory's ghost.

Vanquished Creatures
  3 adders (D:3)
  An ooze (D:2)
  A worm (D:2)
  3 dart slugs
  3 giant geckos
  2 giant cockroaches (D:1)
  5 goblins
  6 hobgoblins
  11 jackals
  9 kobolds
  A ball python (D:2)
  5 bats
  2 giant newts (D:2)
  6 rats
58 creatures vanquished.

Notes
Turn   | Place    | Note
--------------------------------------------------------------
     0 | D:1      | Wander the Demonspawn Gladiator began the quest for the Orb.
     0 | D:1      | Reached XP level 1. HP: 16/16 MP: 1/1
   160 | D:1      | Gained mutation: When hurt, damage is shared between your health and your magic reserves. [demonic ancestry]
   160 | D:1      | Reached XP level 2. HP: 19/22 MP: 2/2
   745 | D:1      | Gained mutation: Your movements are slightly less encumbered by armour (ER -2). [demonic ancestry]
   745 | D:1      | Reached XP level 3. HP: 27/27 MP: 3/3
   918 | D:2      | Found a snail-covered altar of Cheibriados.
  1199 | D:2      | Reached skill level 1 in Armour
  1230 | D:2      | Found an ancient bone altar of Kikubaaqudgha.
  1358 | D:2      | Reached XP level 4. HP: 28/33 MP: 4/4
  1947 | D:3      | Noticed bananaglory's ghost (amateur MfGl)
  1956 | D:3      | HP: 1/33 [bananaglory's ghost (4)]
  1956 | D:3      | Slain by bananaglory's ghost

Skill      XL: |  1  2  3 |
---------------+----------+-----
Dodging        | 3 |  3.6
Maces & Flails | 3 |  3.5
Armour         | 1 |  1.5
Fighting       | |  2.2
Throwing       | |  1.8

Action                   |  1- 3 |  4- 6 || total
-------------------------+-------+-------++-------
Melee: Flail             |   164 |    58 ||   222
  Eat: Chunk             |     2 |     2 ||     4
Armor: Leather armour    |    46 |       ||    46
       Chain mail        |    43 |    40 ||    83
Dodge: Dodged            |   140 |    24 ||   164
